 Dungeon Crawl Stone Soup version 0.31-a0-986-g5e6e4ef867 (webtiles) character file.

Game seed: 9177578133314648173

1576 DocClef the Ruffian (level 8, 0/59 (61) HPs)
             Began as a Gnoll Shapeshifter on Nov 5, 2023.
             Slain by a wight
             ... wielding a +0 falchion of flaming
              (2 damage)
             ... on level 6 of the Dungeon.
             The game lasted 00:08:29 (4550 turns).

DocClef the Ruffian (Gnoll Shapeshifter)            Turns: 4550, Time: 00:08:30

HP:   0/59 (61)     AC:  4    Str: 14      XL:     8   Next: 91%
MP:   13/13         EV: 12    Int: 15      God:
Gold: 299           SH:  0    Dex:  7 (8)  Spells: 14/14 levels left

rFire   . .          .
                       - Unarmed
rCold   . . .        (shield currently unavailable)
rNeg    . . .        p - +1 leather armour {Will+}
rPois   .            (no helmet)
rElec   .            (no cloak)
rCorr   .            (no gloves)
SInv    .            (no boots)
Will    +....        (no amulet)
Stlth   +            g - +4 ring of slaying
HPRegen 0.29/turn    (no ring)
MPRegen 0.13/turn

%: no passive effects
@: flux-form, glowing, lightly drained
A: glow, contaminating, fangs 1, strong nose, distributed training, clever 1,
clumsy 1
a: Begin Untransformation


You were on level 6 of the Dungeon.
You were something dangerously unstable.
You visited 2 branches of the dungeon, and saw 7 of its levels.
You also visited: Sewer.

You collected 299 gold pieces.

Inventory:

Missiles
 s - 2 throwing nets
Armour
 a - a +0 animal skin
 f - a +2 scale mail of poison resistance
 p - a +1 leather armour of willpower (worn)
Jewellery
 g - a +4 ring of slaying (left hand)
 l - a ring of wizardry
Talismans
 c - a beast talisman
 d - a flux talisman (active)
Wands
 n - a wand of roots (6)
Scrolls
 h - a scroll of teleportation
 i - 5 scrolls of identify
 j - a scroll of vulnerability
Potions
 b - 4 potions of lignification
 e - 2 potions of haste
 k - 2 potions of attraction {unknown}
 m - a potion of brilliance
 o - 5 potions of curing
 r - a potion of invisibility


   Skills:
 + Level 4.6 Fighting
 + Level 3.7 Short Blades
 + Level 3.7 Long Blades
 + Level 3.7 Axes
 + Level 3.7 Maces & Flails
 + Level 3.7 Polearms
 + Level 3.7 Staves
 + Level 3.7 Ranged Weapons
 + Level 3.7 Throwing
 + Level 3.7 Armour
 + Level 6.0 Dodging
 + Level 3.7 Stealth
 + Level 3.7 Shields
 + Level 7.6 Unarmed Combat
 + Level 3.7 Spellcasting
 + Level 3.1 Conjurations
 + Level 3.1 Hexes
 + Level 3.1 Summonings
 + Level 3.1 Necromancy
 + Level 3.1 Translocations
 + Level 3.1 Transmutations
 + Level 3.1 Fire Magic
 + Level 3.1 Ice Magic
 + Level 3.1 Air Magic
 + Level 3.1 Earth Magic
 + Level 3.1 Poison Magic
 + Level 4.1 Invocations
 + Level 3.7 Evocations
 + Level 7.4 Shapeshifting


You had 14 spell levels left.
You didn't know any spells.
Your spell library contained the following spells:

 Spells                   Type           Power      Damage    Failure   Level
 Hailstorm                Conj/Ice       12%        3d5       19%         3
 Summon Ice Beast         Ice/Summ       12%        N/A       54%         4
 Simulacrum               Ice/Necr       6%         N/A       100%        6
 Haunt                    Necr/Summ      6%         N/A       100%        7
 Borgnjor's Revivificati  Necr           6%         N/A       100%        8
 Death's Door             Necr           6%         N/A       100%        9


Dungeon Overview and Level Annotations

Branches:
Dungeon (6/15)             Temple (1/1) D:5           Sewer (visited)

Altars:
Dithmenos
Elyvilon
Fedhas
Gozag
Kikubaaqudgha
Nemelex Xobeh
Okawaru
Qazlal
Sif Muna
Trog
Uskayaw
Vehumet
Xom
The Shining One

Annotations:
Temple 4 transporters


Innate Abilities, Weirdness & Mutations

You are something dangerously unstable.
You glow with magical radiation, making you easy to see and hit.
Foes you strike become dangerously contaminated with magical radiation.
You are incapable of wielding weapons or throwing items.
You have very sharp teeth.
Your uncanny sense of smell can sniff out nearby items.
Your experience applies equally to all skills.
Your mind is acute. (Int +4, Str/Dex -1)
You are clumsy. (Dex -2)


Message History

The wight barely misses you.
You barely miss the wight. Your bite misses the wight.
The wight is lightly damaged.
The wight hits you with a +4 battleaxe!
You feel drained.
You hit the wight.
The wight glows dangerously bright.
You bite the wight, but do no damage.
The wight is lightly damaged.
The wight hits you with a +4 battleaxe!
You hit the wight.
The wight shudders as magic cascades through it!!
You destroy the wight!
Your life force feels restored.
You hit the wight.
The wight begins to glow.
The wight is lightly damaged.
The wight barely misses you.
You hit the wight but do no damage.
The wight glows dangerously bright.
The wight is lightly damaged.
You hit the wight but do no damage.
The wight shudders as magic cascades through it!
The wight is heavily damaged.
The wight misses you.
You barely miss the wight. You bite the wight, but do no damage.
The wight is heavily damaged.
The wight misses you.
You punch the wight!
You destroy the wight!
You feel your dexterity returning.
Your Dodging skill increases to level 6!
You closely miss the wight. You bite the wight, but do no damage.
The wight hits you with a +0 falchion of flaming!
* * * LOW HITPOINT WARNING * * *
The wight burns you.
* * * LOW HITPOINT WARNING * * *
You barely miss the wight.
The wight hits you with a +0 falchion of flaming.
* * * LOW HITPOINT WARNING * * *
You feel drained.
* * * LOW HITPOINT WARNING * * *
The wight burns you.
You die...

.# ##....##.# .#
#..##.##.# ##.#
#.###....# #..
#.#####..# #.#
#.##......
##.#####.##.#####
##..#...#....#
#..#.†.....### ~~###
#p#.......##
♣~~...##z#.......#
♣~....zz#.......#
......).##.........#
........##.......###
........##....)..#
.................#
........###.....##
.......##


You could see 3 wights.

Vanquished Creatures
  Edmund (D:5)
  A water moccasin (D:5)
  A sky beast (D:6)
  2 black bears (D:5)
  2 ogres
  Blork the orc (D:5)
  2 kobold brigands (Sewer)
  A scorpion (D:4)
  2 wights (D:6)
  2 hounds (D:5)
  An orc priest (D:3)
  An iguana (D:5)
  2 sleepcaps (D:5)
  Jessica (D:3)
  2 orc wizards
  12 adders
  3 river rats
  2 white imps (D:5)
  4 ufetubi
  3 worms
  6 dart slugs
  12 orcs
  5 ball pythons
  12 endoplasms
  3 giant cockroaches
  4 goblins
  10 hobgoblins
  10 jackals
  7 quokkas
  2 bats (D:1)
  5 frilled lizards
  6 kobolds
  13 rats
141 creatures vanquished.

Notes
Turn   | Place    | Note
-------+----------+-------------------------------------------
     0 | D:1      | DocClef the Gnoll Shapeshifter began the quest for the Orb.
     0 | D:1      | Reached XP level 1. HP: 17/17 MP: 1/1
   172 | D:1      | Reached XP level 2. HP: 23/23 MP: 2/2
   600 | D:1      | Reached XP level 3. HP: 28/28 MP: 3/3
   805 | D:2      | Reached skill level 1 in Invocations
  1138 | D:3      | Reached skill level 1 in Short Blades
  1138 | D:3      | Reached skill level 1 in Long Blades
  1138 | D:3      | Reached skill level 1 in Axes
  1138 | D:3      | Reached skill level 1 in Maces & Flails
  1138 | D:3      | Reached skill level 1 in Polearms
  1138 | D:3      | Reached skill level 1 in Staves
  1138 | D:3      | Reached skill level 1 in Ranged Weapons
  1138 | D:3      | Reached skill level 1 in Throwing
  1138 | D:3      | Reached skill level 1 in Armour
  1138 | D:3      | Reached skill level 1 in Stealth
  1138 | D:3      | Reached skill level 1 in Shields
  1138 | D:3      | Reached skill level 1 in Spellcasting
  1138 | D:3      | Reached skill level 1 in Evocations
  1170 | D:3      | Reached XP level 4. HP: 34/34 MP: 5/5
  1351 | D:3      | Reached skill level 1 in Conjurations
  1351 | D:3      | Reached skill level 1 in Hexes
  1351 | D:3      | Reached skill level 1 in Summonings
  1351 | D:3      | Reached skill level 1 in Necromancy
  1351 | D:3      | Reached skill level 1 in Translocations
  1351 | D:3      | Reached skill level 1 in Transmutations
  1351 | D:3      | Reached skill level 1 in Fire Magic
  1351 | D:3      | Reached skill level 1 in Ice Magic
  1351 | D:3      | Reached skill level 1 in Air Magic
  1351 | D:3      | Reached skill level 1 in Earth Magic
  1351 | D:3      | Reached skill level 1 in Poison Magic
  1352 | D:3      | Noticed Jessica
  1361 | D:3      | Killed Jessica
  1394 | D:3      | Reached XP level 5. HP: 39/40 MP: 5/7
  2073 | D:4      | Found an opulent altar of Gozag.
  2113 | D:4      | Noticed an ogre
  2123 | D:4      | Killed an ogre
  2124 | D:4      | Reached skill level 5 in Dodging
  2124 | D:4      | Reached XP level 6. HP: 27/47 MP: 8/8
  2384 | D:4      | Found a glowing drain.
  2390 | Sewer    | Entered a sewer
  2432 | Sewer    | Reached XP level 7. HP: 49/52 MP: 10/10
  3589 | D:5      | Entered Level 5 of the Dungeon
  3600 | D:5      | Found a staircase to the Ecumenical Temple.
  3631 | Temple   | Found a transporter.
  3631 | Temple   | Found a transporter.
  3631 | Temple   | Found a transporter.
  3631 | Temple   | Found a transporter.
  3631 | Temple   | Entered the Ecumenical Temple
  3641 | Temple   | Gained mutation: You are clumsy. (Dex -2) [potion of
                  | mutation]
  3641 | Temple   | Gained mutation: Your mind is acute. (Int +4, Str/Dex -1)
                  | [potion of mutation]
  3829 | D:5      | Noticed Edmund
  3839 | D:5      | Killed Edmund
  3840 | D:5      | Reached XP level 8. HP: 55/60 MP: 12/12
  4196 | D:5      | Noticed Blork the orc
  4210 | D:5      | Killed Blork the orc
  4550 | D:6      | HP: 3/61 [wight/+0 falchion of flaming (6)]
  4550 | D:6      | Slain by a wight

Illustrated notes

Levels and vault maps discovered:
D:1:      dpeg_chamrin_arrival_tetris, layout_basic
D:2:      kennysheep_big_flooded_room, layout_rooms,
          chequers_serial_rivers_micro_c, chequers_serial_rivers_room_b,
          hex_large, uniq_sigmund
D:3:      layout_basic, kennysheep_generic_room_7, uniq_jessica
D:4:      layout_rooms, grunt_gozag_statues, gup_sewer_entry_bubbles
D:5:      layout_basic, minmay_temple_entry_arrows,
          chequers_serial_rivers_small_a, serial_bayou_lagoon_a,
          uniq_blork_the_orc, uniq_edmund
D:6:      layout_rooms, serial_bayou_pond_d, minivault_5
Temple:   hellmonk_temple_divided_pantheon

Skill      XL: |  1  2  3  4  5  6  7  8 |
---------------+-------------------------+-----
Invocations    | 1 2 3 4 |  4.1
Short Blades   | 1 2 3 |  3.7
Long Blades    | 1 2 3 |  3.7
Axes           | 1 2 3 |  3.7
Maces & Flails | 1 2 3 |  3.7
Polearms       | 1 2 3 |  3.7
Staves         | 1 2 3 |  3.7
Ranged Weapons | 1 2 3 |  3.7
Throwing       | 1 2 3 |  3.7
Armour         | 1 2 3 |  3.7
Stealth        | 1 2 3 |  3.7
Shields        | 1 2 3 |  3.7
Spellcasting   | 1 2 3 |  3.7
Evocations     | 1 2 3 |  3.7
Conjurations   | 1 2 3 |  3.1
Hexes          | 1 2 3 |  3.1
Summonings     | 1 2 3 |  3.1
Necromancy     | 1 2 3 |  3.1
Translocations | 1 2 3 |  3.1
Transmutations | 1 2 3 |  3.1
Fire Magic     | 1 2 3 |  3.1
Ice Magic      | 1 2 3 |  3.1
Air Magic      | 1 2 3 |  3.1
Earth Magic    | 1 2 3 |  3.1
Poison Magic   | 1 2 3 |  3.1
Fighting       | 3 4 |  4.6
Dodging        | 5 6 |  6.0
Unarmed Combat | 7 |  7.6
Shapeshifting  | 7 |  7.4

Action                     |  1- 3 |  4- 6 |  7- 9 || total
---------------------------+-------+-------+-------++-------
  Melee: Unarmed           |    59 |   135 |   194 ||   388
         Bite              |     4 |     9 |    29 ||    42
         Punch             |     4 |     3 |     4 ||    11
    Use: Scroll            |       |     5 |     2 ||     7
         Potion            |       |       |     6 ||     6
 Armour: Animal skin       |     3 |       |       ||     3
         Scale mail        |    26 |    72 |    97 ||   195
         Leather armour    |       |       |    20 ||    20
  Dodge: Dodged            |    27 |    54 |    90 ||   171
   Form: Beast             |     1 |       |       ||     1
         Flux              |       |       |     1 ||     1

Table legend: (Time is in decaauts)
 A = Elapsed time spent in this place.
 B = Non-inter-level travel time spent in this place.
 C = Inter-level travel time spent in this place.
 D = Time resting spent in this place.
 E = Time spent auto-exploring this place.
 F = Levels seen in this place.
 G = Mean time per level.
                   A        B        C        D        E       F      G
               +--------+--------+--------+--------+--------+-----+--------+
         Total |   4688 |   4386 |    302 |    255 |   2996 |   8 |  586.0 |
       Dungeon |   3716 |   3422 |    294 |    255 |   2391 |   6 |  619.3 |
        Temple |     28 |     20 |      8 |      0 |      0 |   1 |   28.0 |
         Sewer |    942 |    942 |      0 |      0 |    604 |   1 |  942.0 |
               +--------+--------+--------+--------+--------+-----+--------+

Top non-repeatable levels by time:
   Sewer: 942 daAuts
     D:3: 903 daAuts
     D:1: 852 daAuts
     D:5: 831 daAuts
     D:4: 635 daAuts
     D:2: 405 daAuts
     D:6: 89 daAuts
  Temple: 28 daAuts
